 Dungeon Crawl Stone Soup version 0.22-a0-231-g75390ab (webtiles) character file.

33 schets the Grave Robber (level 3, -5/22 HPs)
             Began as a Sludge Elf Necromancer on Mar 21, 2018.
             Slain by a bullfrog (7 damage)
             ... on level 2 of the Dungeon.
             The game lasted 00:04:35 (2915 turns).

schets the Grave Robber (Sludge Elf Necromancer)    Turns: 2915, Time: 00:04:35

Health: -5/22      AC:  2    Str:  8    XL:     3   Next: 29%
Magic:  1/8        EV: 13    Int: 17    God:
Gold:   174        SH:  0    Dex: 14    Spells: 2/7 levels left

rFire    . . .     SeeInvis .   k - +0 spear
rCold    . . .     Gourm    .   (no shield)
rNeg     . . .     Faith    .   a - +0 robe
rPois    .         Spirit   .   (no helmet)
rElec    .         Reflect  .   (no cloak)
rCorr    .         Harm     .   (no gloves)
MR       .....                  (no boots)
Stlth    ++........             (no amulet)
HPRegen  1.07/turn              (no ring)
MPRegen  0.11/turn              (no ring)

@: very slightly contaminated, regenerating
A: no striking features
a: no special abilities


You were on level 2 of the Dungeon.
You were not hungry.

You visited 1 branch of the dungeon, and saw 2 of its levels.

You collected 174 gold pieces.

Inventory:

Hand Weapons
 k - a +0 spear (weapon)
Armour
 a - a +0 robe (worn)
Scrolls
 e - a scroll of remove curse {unknown}
 f - a scroll of identify
 g - a scroll of blinking {unknown}
 h - a scroll of enchant armour {unknown}
 m - a scroll of random uselessness {unknown}
Potions
 d - a potion of might
 i - a potion of heal wounds {unknown}
 j - a potion of restore abilities
 l - a potion of curing {unknown}
Books
 b - a book of Necromancy

   Spells                             Type                      Level
   a - Pain                           Necromancy                   1
   b - Animate Skeleton               Necromancy                   1
   c - Vampiric Draining              Necromancy                   3
   d - Regeneration                   Charms/Necromancy            3
   e - Animate Dead                   Necromancy                   4
   f - Control Undead                 Necromancy                   4
   g - Borgnjor's Vile Clutch         Necromancy/Earth             5
Comestibles
 c - 2 rations
 n - a chunk of flesh


   Skills:
 + Level 0.9 Fighting
 + Level 2.7 Dodging
 + Level 2.6 Stealth
 * Level 2.7 Spellcasting
 * Level 4.9 Necromancy


You had 2 spell levels left.
You knew the following spells:

 Your Spells              Type           Power        Failure   Level  Hunger
a - Pain                  Necr           ###.         2%          1    #......
b - Animate Skeleton      Necr           N/A          2%          1    #......
c - Regeneration          Chrm/Necr      ##........   19%         3    ###....


Dungeon Overview and Level Annotations

Branches:
Dungeon (2/15)

Altars:


Message History

The bullfrog writhes in agony!
The bullfrog hits you but does no damage.
The bullfrog hits you!
* * * LOW HITPOINT WARNING * * *
Casting: Pain (safe; 2% risk of failure)
Confirm with . or Enter, or press ? or * to list all spells.
Okay, then.
Casting: Pain (safe; 2% risk of failure)
Confirm with . or Enter, or press ? or * to list all spells.
There is nothing here that can be animated!
Casting: Animate Skeleton (safe; 2% risk of failure)
Confirm with . or Enter, or press ? or * to list all spells.
Your skin crawls.
The bullfrog barely misses you. The bullfrog hits you!
* * * LOW HITPOINT WARNING * * *
As you read the scroll labeled QEZANI MOUN, it crumbles to dust.
It is a scroll of identify.
d - a potion of might The bullfrog hits you!
You die...

##....# #.#
##.##
##.#.#####.#
#.## #.#.......#
#..# #.#########
##.# #+# #.# #.#
# #.# ####.###.#
#...$.F@.#
+.....!.........
##.#...##.#####.
##.# #.# #. ..#
#. #.# . ..# #
##


You could see a bullfrog.

Vanquished Creatures
  2 dart slugs
  A leopard gecko (D:2)
  2 giant cockroaches
  2 hobgoblins
  6 jackals (D:1)
  A quokka (D:2)
  4 bats
  3 frilled lizards
  2 goblins (D:1)
  4 rats
27 creatures vanquished.

Notes
Turn   | Place    | Note
-------+----------+-------------------------------------------
     0 | D:1      | schets the Sludge Elf Necromancer began the quest for the Orb.
     0 | D:1      | Reached XP level 1. HP: 11/11 MP: 4/4
  1183 | D:1      | Reached XP level 2. HP: 16/17 MP: 3/6
  2090 | D:2      | Reached XP level 3. HP: 19/22 MP: 6/8
  2178 | D:2      | Learned a level 1 spell: Animate Skeleton
  2182 | D:2      | Learned a level 3 spell: Regeneration
  2906 | D:2      | Noticed a bullfrog
  2914 | D:2      | HP: 1/22 [bullfrog (7)]
  2915 | D:2      | Slain by a bullfrog

Vault maps used:
D:1:      tarquinn_simple_flora_water_c
D:2:      cheibrodos_pilgrimage, fedhas_altar_3, uniq_sigmund

Action                   || total
-------------------------++-------
Melee: Unarmed           ||    28
       Spear             ||    26
 Cast: Pain              ||    50
       Regeneration      ||     1
  Use: Scroll            ||     1
 Stab: Sleeping          ||     1
  Eat: Chunk             ||     4
       Ration            ||     1
Armor: Robe              ||    12
Dodge: Dodged            ||    59

Table legend:
 A = Spawn XP
 B = Non-spawn XP
 C = Spawn XP percentage of total XP
 D = Spawn monster count
 E = Non-spawn monster count
 F = Spawn count percentage of total count
 G = Total turns spent on level
                    A         B        C        D         E        F      G
               +---------+---------+-------+---------+---------+-------+---------
         Total |       0 |      48 |   0.0 |       0 |      27 |   0.0 |  2915
               +---------+---------+-------+---------+---------+-------+---------
           D:1 |       0 |      31 |   0.0 |       0 |      18 |   0.0 |  2252
           D:2 |       0 |      17 |   0.0 |       0 |       9 |   0.0 |   663
               +---------+---------+-------+---------+---------+-------+---------
